 Dungeon Crawl Stone Soup version 0.20-a0-2-g2b0e13a (webtiles) character file.

15 spe3d0 the Skirmisher (level 2, -5/24 HPs)
             Began as a Demonspawn Fighter on Oct 29, 2016.
             Slain by a goblin
             ... wielding a +2 dagger of electrocution
              (8 damage)
             ... on level 1 of the Dungeon.
             The game lasted 00:01:14 (536 turns).

spe3d0 the Skirmisher (Demonspawn Fighter)           Turns: 536, Time: 00:01:14

Health: -5/24      AC:  7    Str: 16    XL:     2   Next: 34%
Magic:  2/2        EV:  6    Int:  9    God:
Gold:   16         SH:  8    Dex: 12    Spells: 0 memorised, 1 level left

rFire  . . .     SeeInvis .     a - +0 flail
rCold  . . .     Gourm    .     b - +0 scale mail
rNeg   . . .     Faith    .     c - +0 shield
rPois  .         Spirit   .     (no helmet)
rElec  .         Reflect  .     k - +0 cloak
rCorr  .         Harm     .     (no gloves)
MR     .....                    (no boots)
Stlth  ..........               m - amulet of inaccuracy (curse)
                                (no ring)
                                (no ring)

@: no status effects
A: powered by death 1
a: no special abilities


You were on level 1 of the Dungeon.
You were not hungry.

You visited 1 branch of the dungeon, and saw 1 of its levels.

You collected 16 gold pieces.


Innate Abilities, Weirdness & Mutations

You regenerate a little health from kills.


   Skills:
 - Level 3.0 Fighting
 * Level 2.1 Maces & Flails
 * Level 2.8 Armour
 * Level 3.0 Shields


You had one spell level left.
You didn't know any spells.

Inventory:

Hand Weapons
 a - a +0 flail (weapon)
Armour
 b - a +0 scale mail (worn)
 c - a +0 shield (worn)
 k - a +0 cloak (worn)
Jewellery
 m - a cursed amulet of inaccuracy (around neck)
Scrolls
 i - 3 scrolls of remove curse {unknown}
 j - 3 scrolls of random uselessness {unknown}
 l - 3 scrolls of enchant armour {unknown}
Potions
 d - a potion of might
 e - a potion of invisibility {unknown}
Comestibles
 f - a bread ration {@e1}
 g - 3 chunks of flesh
 h - 2 fruits {@e2}

Dungeon Overview and Level Annotations

Branches:
Dungeon (1/15)

Altars:

........ #... .#######
... . .### ..# .. ...#
#.# .. ...# #.###.#.#
...# #######......>#
...#######........##.###
....รท......#####.###.#
...######### #.g@....#
...# #......##### ...#
#......# ...# #.>....#
...# #......# ####
#......# #......#
#......#


You could see a goblin.


Message History

Unknown command.
You are too injured to fight recklessly!
Unknown command.
You miss the frilled lizard.
The frilled lizard bites you but does no damage.
The goblin hits you but does no damage.
You miss the frilled lizard. The frilled lizard closely misses you.
You block the goblin's attack.
Your shield and scale mail prevent you from hitting the frilled lizard.
You block the frilled lizard's attack. You block the goblin's attack.
The goblin hits you but does no damage.
The frilled lizard bites you but does no damage.
You closely miss the frilled lizard. The frilled lizard closely misses you.
The goblin barely misses you.
You miss the frilled lizard. The frilled lizard bites you.
* * * LOW HITPOINT WARNING * * *
You block the goblin's attack.
You closely miss the frilled lizard. You block the frilled lizard's attack.
The goblin completely misses you. The goblin hits you but does no damage.
You block the frilled lizard's attack.
You miss the frilled lizard. You block the goblin's attack.
The frilled lizard bites you.
* * * LOW HITPOINT WARNING * * *
You sock the frilled lizard!
You kill the frilled lizard!
You block the goblin's attack.
The goblin hits you with a dagger of electrocution.
* * * LOW HITPOINT WARNING * * *
You are electrocuted!
You die...

Skill      XL: |  1  2 |
---------------+-------+-----
Maces & Flails | 2 |  2.1
Shields        | 3 |  3.0
Fighting       | |  3.0
Armour         | |  2.8

Action                   || total
-------------------------++-------
Melee: Flail             ||    74
Armor: Scale mail        ||    85
Dodge: Dodged            ||    32
Block: Shield            ||    66

Vault maps used:
D:1:      lightli_arrival_statue_moat

Notes
Turn   | Place    | Note
-------+----------+-------------------------------------------
     0 | D:1      | spe3d0 the Demonspawn Fighter began the quest for the Orb.
     0 | D:1      | Reached XP level 1. HP: 18/18 MP: 1/1
   127 | D:1      | Reached skill level 2 in Maces & Flails
   131 | D:1      | Gained mutation: You regenerate a little health from kills. [demonic ancestry]
   131 | D:1      | Reached XP level 2. HP: 11/24 MP: 2/2
   465 | D:1      | Reached skill level 3 in Shields
   536 | D:1      | Slain by a goblin

Vanquished Creatures
  A giant cockroach (D:1)
  2 goblins (D:1)
  A hobgoblin (D:1)
  4 bats (D:1)
  2 frilled lizards (D:1)
  3 kobolds (D:1)
  3 rats (D:1)
16 creatures vanquished.
